 Dungeon Crawl Stone Soup version 0.20-a0-959-gdc9e609 (webtiles) character file.

1113 AlphabetPasta the Skirmisher (level 8, -3/81 HPs)
             Began as an Ogre Skald on Apr 6, 2017.
             Slain by an orc warrior
             ... wielding a +0 broad axe
              (16 damage)
             ... on level 3 of the Dungeon.
             The game lasted 00:25:41 (5407 turns).

AlphabetPasta the Skirmisher (Ogre Skald)           Turns: 5407, Time: 00:25:42

Health: -3/81      AC:  4    Str: 16    XL:     8   Next: 33%
Magic:  14/14      EV: 10    Int: 19    God:
Gold:   31         SH:  0    Dex:  8    Spells: 4/15 levels left

rFire    + . .     SeeInvis .   t - +0 giant spiked club
rCold    . . .     Gourm    .   (shield currently unavailable)
rNeg     . . .     Faith    .   b - +1 robe
rPois    .         Spirit   .   (helmet restricted)
rElec    .         Reflect  .   (no cloak)
rCorr    .         Harm     .   (gloves unavailable)
MR       .....                  (boots unavailable)
Stlth    +.........             (no amulet)
Regen    0.3/turn               n - +3 ring of intelligence
MPRegen  0.2/turn               o - ring of protection from fire

@: infused, drained
A: unfitting armour, tough skin 1
a: no special abilities


You were on level 3 of the Dungeon.
You were not hungry.

You visited 1 branch of the dungeon, and saw 5 of its levels.

You collected 196 gold pieces.
You spent 165 gold pieces at shops.

Inventory:

Hand Weapons
 a - a +0 mace
 h - a -2 giant club
 t - a +0 giant spiked club (weapon)
Missiles
 j - 36 bolts
Armour
 b - a +1 robe (worn)
 u - the scarf "Passisonn" {-Cast rPois rC+ Dex+9}
   (You found it on level 4 of the Dungeon)

   It affects your dexterity (+9).
   It protects you from cold.
   It protects you from poison.
   It prevents spellcasting.
Jewellery
 n - a +3 ring of intelligence (left hand)
 o - a ring of protection from fire (right hand)
Wands
 i - a wand of scattershot (5/9)
Scrolls
 g - 3 scrolls of remove curse
 r - a scroll of teleportation
 w - a scroll of summoning
 y - a scroll of magic mapping
Potions
 e - a potion of brilliance
 k - a potion of flight
 m - a potion of magic
 x - 2 potions of cancellation
Books
 c - a book of Battle

   Spells                             Type                      Level
   a - Infusion                       Charms                       1
   b - Shroud of Golubria             Charms/Translocation         2
   c - Song of Slaying                Charms                       2
   d - Spectral Weapon                Hexes/Charms                 3
   e - Regeneration                   Charms/Necromancy            3
 s - a book of Misfortune

   Spells                             Type                      Level
   a - Confusing Touch                Hexes                        1
   b - Confuse                        Hexes                        3
   c - Gell's Gravitas                Translocation                3
   d - Petrify                        Transmutation/Earth          4
   e - Metabolic Englaciation         Hexes/Ice                    5
   f - Yara's Violent Unravelling     Hexes/Transmutation          5
 z - a book of Cantrips

   Spells                             Type                      Level
   a - Confusing Touch                Hexes                        1
   b - Animate Skeleton               Necromancy                   1
   c - Summon Small Mammal            Summoning                    1
   d - Apportation                    Translocation                1
Comestibles
 d - 3 bread rations
 f - 3 royal jellies
 l - 3 fruits


   Skills:
 + Level 5.5(5.2) Fighting
 * Level 4.6(4.3) Maces & Flails
 + Level 3.9(3.6) Dodging
 + Level 4.1(3.9) Spellcasting
 * Level 5.2(5.0) Charms
 + Level 1.8(1.6) Evocations


You had 4 spell levels left.
You knew the following spells:

 Your Spells              Type           Power        Failure   Level  Hunger
a - Infusion              Chrm           ###.         1%          1    None
b - Song of Slaying       Chrm           ###.....     2%          2    ##.....
c - Shroud of Golubria    Chrm/Tloc      ##........   10%         2    ##.....
d - Regeneration          Chrm/Necr      ##........   14%         3    ###....
e - Spectral Weapon       Hex/Chrm       ##......     14%         3    ###....


Dungeon Overview and Level Annotations

Branches:
Dungeon (5/15)
 Temple: D:4-7

Altars:
Elyvilon
Makhleb
Nemelex Xobeh
Qazlal

Shops:
D:5 ?

Annotations:
D:5 Grinder


Innate Abilities, Weirdness & Mutations

You are too large for most types of armour.
You have tough skin. (AC +1)


Message History

The orc warrior hits you with a broad axe!
You climb upwards.
There is a stone staircase leading down here.
Casting: Infusion
Confirm with . or Enter, or press ? or * to list all spells.
You begin infusing your attacks with magical energy.
The orc warrior closely misses you.
You barely miss the orc warrior.
The orc warrior hits you with a broad axe!
You hit the orc warrior.
The orc warrior is lightly wounded.
The orc warrior barely misses you.
You closely miss the orc warrior.
The orc warrior is lightly wounded.
The orc warrior hits you with a broad axe!!
* * * LOW HITPOINT WARNING * * *
You closely miss the orc warrior.
The orc warrior is lightly wounded.
The orc warrior hits you with a broad axe!
You die...

####### #.....# ####
######.....########## #...
................@o..# #.#.
######.....########.# #.#.
.....)........### #.# #######.#.
.#.........##.#.###.# #.........
.###.......#.....##.## #...###.#.
........#.##..#......###.#.###.#.
.#............#####.###..........
...)..#.#..#.##.....##.....#.#...
....###.#........######..#.#.#...


You could see an orc warrior.

Vanquished Creatures
  An ice beast (D:5)
  2 ogres (D:4)
  A bullfrog (D:4)
  A scorpion (D:4)
  4 wights (D:5)
  A howler monkey (D:5)
  A crimson imp (D:5)
  An orc priest (D:2)
  3 hounds (D:5)
  A jelly (D:5)
  An orc wizard (D:2)
  A centaur skeleton (D:5)
  Ijyb (D:3)
  Natasha (thrice) (D:3)
  An iguana (D:4)
  7 adders
  An ooze (D:3)
  2 worms (D:2)
  5 dart slugs
  3 leopard geckos
  8 orcs
  A ball python (D:2)
  6 bats
  6 giant cockroaches
  6 goblins
  6 hobgoblins
  14 jackals
  6 quokkas
  2 frilled lizards
  5 kobolds
  9 rats
110 creatures vanquished.

Notes
Turn   | Place    | Note
-------+----------+-------------------------------------------
     0 | D:1      | AlphabetPasta the Ogre Skald began the quest for the Orb.
     0 | D:1      | Reached XP level 1. HP: 22/22 MP: 3/3
   230 | D:1      | Reached XP level 2. HP: 21/29 MP: 3/5
   234 | D:1      | Learned a level 2 spell: Song of Slaying
   237 | D:1      | Learned a level 2 spell: Shroud of Golubria
   868 | D:2      | Reached XP level 3. HP: 31/37 MP: 2/6
  1422 | D:2      | Reached XP level 4. HP: 35/45 MP: 8/8
  1430 | D:2      | Learned a level 3 spell: Regeneration
  1863 | D:2      | Reached XP level 5. HP: 33/54 MP: 4/9
  2301 | D:3      | Noticed Ijyb
  2321 | D:3      | Killed Ijyb
  2422 | D:3      | Noticed Natasha
  2432 | D:3      | Killed Natasha
  2987 | D:3      | Reached XP level 6. HP: 57/62 MP: 10/10
  3078 | D:3      | Found a sparkling altar of Nemelex Xobeh.
  3148 | D:3      | Noticed Natasha
  3153 | D:3      | Killed Natasha
  3266 | D:3      | Noticed Natasha
  3272 | D:3      | Killed Natasha
  3423 | D:3      | Learned a level 3 spell: Spectral Weapon
  3639 | D:4      | Reached XP level 7. HP: 39/71 MP: 4/12
  3820 | D:4      | Got a bloodstained scarf
  3821 | D:4      | Identified the scarf "Passisonn" {-Cast rPois rC+ Dex+9} (You found it on level 4 of the Dungeon)
  3862 | D:4      | Reached skill level 1 in Evocations
  4162 | D:5      | Entered Level 5 of the Dungeon
  4169 | D:5      | Learned a level 3 spell: Spectral Weapon
  4441 | D:5      | Reached skill level 5 in Fighting
  4446 | D:5      | HP: 3/72 [wight/battleaxe (3)]
  4774 | D:5      | Found a sparkling altar of Nemelex Xobeh.
  4775 | D:5      | Found a stormy altar of Qazlal.
  4775 | D:5      | Found a burning altar of Makhleb.
  4779 | D:5      | Reached skill level 5 in Charms
  4779 | D:5      | Reached XP level 8. HP: 80/80 MP: 11/14
  4808 | D:5      | Found Hetsomede's Magic Scroll Emporium.
  4821 | D:5      | Bought a scroll of fear for 35 gold pieces
  4821 | D:5      | Bought a scroll of summoning for 95 gold pieces
  4821 | D:5      | Bought a scroll of magic mapping for 35 gold pieces
  4825 | D:5      | Found a white marble altar of Elyvilon.
  4891 | D:4      | HP: 4/80 [orc wizard/dagger (2)]
  4892 | D:4      | HP: 1/80 [orc wizard/dagger (2)]
  5348 | D:5      | Noticed Grinder
  5407 | D:3      | Slain by an orc warrior

Vault maps used:
D:1:      erik_arrival_triangle_small
D:3:      first_bread, nemelex_lonely_heart_becter, uniq_iyjb, uniq_natasha
D:5:      elyvilon_altar_5, grunt_temple_overflow_open,
          minmay_temple_entry_statues_fountains, serial_shops, shop_fountains,
          uniq_grinder

Skill      XL: |  1  2  3  4  5  6  7 |
---------------+----------------------+-----
Maces & Flails | 2 3 4 |  4.6
Fighting       | 3 4 5 |  5.5
Charms         | 3 4 5 |  5.2
Spellcasting   | 3 4 |  4.1
Dodging        | 3 |  3.9
Evocations     | 1 |  1.8

Action                   |  1- 3 |  4- 6 |  7- 9 || total
-------------------------+-------+-------+-------++-------
Melee: Mace              |   120 |   200 |       ||   320
       Giant spiked club |       |       |   128 ||   128
 Cast: Infusion          |     9 |    12 |    12 ||    33
  Use: Scroll            |     5 |     4 |     5 ||    14
       Potion            |       |       |     4 ||     4
 Stab: Sleeping          |     1 |       |       ||     1
  Eat: Chunk             |     2 |     6 |     3 ||    11
       Fruit             |       |     1 |     4 ||     5
Armor: Robe              |    38 |    52 |    35 ||   125
Dodge: Dodged            |    71 |   134 |    94 ||   299
